[Event "Late-Titled-Tuesday-Blitz-June-25-2024"]
[Site "Chess.com"]
[Date "2024.06.25"]
[Round "2"]
[White "fin"]
[Black "Chaubunagungamaug1"]
[Result "0-1"]
[WhiteElo "2736"]
[BlackElo "2555"]
[TimeControl "180+1"]
[EndTime "14:17:16 PDT"]
[Termination "Chaubunagungamaug1 won by resignation"]

1. e4 c5 2. Nf3 e6 3. b3 Nc6 4.
Bb2 a6 5. d3 d5 6. Nbd2 Nf6 7.
Be2 Be7 8. O-O O-O 9. Re1 Qc7 10. h3 b5 11. exd5 exd5 12. Nf1 d4 13. Bc1 Nd5 14.
Ng3 h6 15. Bf1 Be6 16. Bd2 Rfe8 17. Re4 Bd6 18. Nh5 f5 19. Rxe6 Rxe6 20. Nh4 Nf6 21.
Nxf5 Nxh5 22. Qxh5 Qf7 23. Qxf7+ Kxf7 24. g4 Rae8 25. Bg2 Ne7 26. Nxd6+ Rxd6 27. Bf4 Rf6 28. Be5 Re6 29. Bg3 Re2 30. Rc1 Ng6 31. Be4 R2xe4 32. dxe4 Rxe4 33. Kg2 c4 34. bxc4 bxc4 35. Rb1 Re2 36.
Rb7+ Kg8 37. Rd7 Rd2 38. h4 c3 39. h5 Nf8 40. Rd8 Kf7 41. Be5 Ne6 42. Rd7+ Ke8 43. Rd5 Rxc2 44. Bxd4 Nxd4 45. Rxd4 Rxa2 46. Rc4 c2 47.
Kg3 a5 48. f4 Ke7 49. g5 Kd6 50. gxh6 gxh6 51. Kg4 Kd5 52. Rc8 Kd4 53. Kf5 Kd3 54.
Kg6 Ra4 55. Rxc2 Kxc2 56. f5 Rf4 0-1

[Event "Late-Titled-Tuesday-Blitz-June-25-2024"]
[Site "Chess.com"]
[Date "2024.06.25"]
[Round "2"]
[White "FredddieCroderg"]
[Black "Necromon"]
[Result "0-1"]
[WhiteElo "2345"]
[BlackElo "2558"]
[TimeControl "180+1"]
[EndTime "14:17:20 PDT"]
[Termination "Necromon won on time"]

1. e4 c5 2. Bc4 Nc6 3. d3 g6 4. Qf3 Ne5 5. Qg3 Nxc4 6. dxc4 Bg7 7. Nc3 d6 8. Bg5 Be6 9. O-O-O Qa5 10. f4 h6 11. Bh4 Bxc4 12. e5 g5 13. exd6 O-O-O 14. fxg5 hxg5 15. Bxg5 Nf6 16. dxe7 Rxd1+ 17. Kxd1 Re8 18.
Qd6 Qc7 19. Qxc7+ Kxc7 20. b3 Be6 21. Nf3 Rxe7 22. Kc1 Rd7 23. Rd1 a6 24. Rxd7+ Nxd7 25.
Ne4 b5 26. Kd2 Kc6 27. Ke3 a5 28. h4 f5 29. Nf2 Nf6 30. Nd3 Nd5+ 31. Ke2 Nc3+ 32.
Kd2 Nxa2 33. h5 a4 34. bxa4 bxa4 35. h6 Bh8 36. h7 a3 37. Bf4 Nc3 38. Nc1 Ne4+ 39.
Ke3 a2 40. Be5 Nf6 41. Ng5 Ng4+ 42. Kd2 Bxe5 43. Nxa2 Bxa2 0-1

[Event "Late-Titled-Tuesday-Blitz-June-25-2024"]
[Site "Chess.com"]
[Date "2024.06.25"]
[Round "2"]
[White "Alexander_Khlebovich"]
[Black "HalfIsCrayfish"]
[Result "1-0"]
[WhiteElo "2832"]
[BlackElo "2564"]
[TimeControl "180+1"]
[EndTime "14:17:22 PDT"]
[Termination "Alexander_Khlebovich won by resignation"]

1. d4 Nf6 2. c4 e6 3. Nf3 Bb4+ 4. Bd2 Qe7 5. g3 Bxd2+ 6. Qxd2 Nc6 7. b3 d5 8. Bg2 Qb4 9. Qxb4 Nxb4 10. Na3 O-O 11. O-O c6 12. Rfc1 Rd8 13. Nc2 Nxc2 14. Rxc2 a5 15. e3 Bd7 16. Ne5 Ne8 17. a3 Nd6 18. c5 Ne8 19. Rb2 f6 20. Nd3 Nc7 21. b4 a4 22. f4 Re8 23. Bf1 Re7 24. Rc2 Be8 25. Nb2 Nb5 26. Kf2 Bd7 27. Nd1 Rae8 28. Nc3 Nxc3 29.
Rxc3 e5 30. dxe5 fxe5 31. Rb1 Bf5 32. Rb2 exf4 33. exf4 Re1 34. b5 d4 35. Rf3 Ra1 36.
bxc6 bxc6 37. Bc4+ Kh8 38. Rd2 Be4 39. Re2 g5 40. f5 Kg7 41. f6+ Kf8 42. f7 Re7 43. Rf6 d3 44. Bxd3 Bxd3 45. Rxe7 Ra2+ 46. Ke1 1-0

[Event "Late-Titled-Tuesday-Blitz-June-25-2024"]
[Site "Chess.com"]
[Date "2024.06.25"]
[Round "2"]
[White "HajiyevKanan"]
[Black "Durarbayli"]
[Result "0-1"]
[WhiteElo "2604"]
[BlackElo "2957"]
[TimeControl "180+1"]
[EndTime "14:17:23 PDT"]
[Termination "Durarbayli won by resignation"]

1. d4 e6 2. Nf3 Nf6 3. c4 b6 4. e3 Bb7 5. Be2 d5 6. cxd5 exd5 7. O-O Bd6 8. Nc3 a6 9. Ne5 O-O 10. f4 c5 11. Bf3 cxd4 12. exd4 b5 13. a3 Ne4 14.
Be3 Nd7 15. Rc1 Nb6 16. Qe1 f6 17. Nd3 Nc4 18. Rc2 Rc8 19. Bxe4 dxe4 20. Nc5 Bxc5 21. dxc5 Qe7 22. Nb1 Rfd8 23. b3 Nxe3 24. Qxe3 Rd3 25. Qc1 Rxb3 26. c6 Ba8 27. Re1 Rd3 28. Nd2 f5 29. Nf3 Qxa3 30. Qxa3 Rxa3 31. Nd4 g6 32.
Kf2 Kf7 33. Re3 Ra4 34. Nb3 Rxc6 35. Rd2 Rc7 36. Nd4 Rd7 37. Nb3 Rxd2+ 38. Nxd2 Bd5 39.
Re2 Ra2 40. Ke3 b4 41. Nb1 Rxe2+ 42. Kxe2 a5 43. Kd2 a4 44. Kc2 a3 45. Nd2 e3 46.
Nb1 a2 47. Kb2 e2 0-1

[Event "Late-Titled-Tuesday-Blitz-June-25-2024"]
[Site "Chess.com"]
[Date "2024.06.25"]
[Round "2"]
[White "malakismayil"]
[Black "Zurability"]
[Result "0-1"]
[WhiteElo "2544"]
[BlackElo "2771"]
[TimeControl "180+1"]
[EndTime "14:17:24 PDT"]
[Termination "Zurability won on time"]

1. e4 c5 2. Nf3 d6 3. Bb5+ Bd7 4. Bxd7+ Qxd7 5. O-O Nf6 6. Re1 Nc6 7. c4 g6 8. d4 cxd4 9. Nxd4 Bg7 10. Nc3 O-O 11. Nc2 Rfc8 12. Bd2 Rab8 13. b3 b6 14. Rc1 a6 15. f3 b5 16. Ne3 Ne5 17. Qe2 bxc4 18. bxc4 Rb2 19. Rb1 Rcb8 20. Rxb2 Rxb2 21. Rb1 Qb7 22.
Qd1 e6 23. Qc1 Rxb1 24. Nxb1 Nfd7 25. Nc3 Nc5 26. Qc2 Ned3 27. Na4 Bd4 28. Nxc5 Nxc5 29.
Kf1 Qb6 30. Ke2 h5 31. Nd1 Nd7 32. Be3 Ne5 33. Bxd4 Qxd4 34. Ne3 h4 35. h3 Kg7 36. Qd2 Qb6 37. Qc2 g5 38. Qd2 Ng6 39. Qc3+ f6 40. Qd2 Nf4+ 41. Kf2 Kf7 42. Kf1 Ke7 43.
Kf2 Qb1 44. Qc2 Nd3+ 0-1

[Event "Late-Titled-Tuesday-Blitz-June-25-2024"]
[Site "Chess.com"]
[Date "2024.06.25"]
[Round "2"]
[White "LastGladiator1"]
[Black "rockstar0902"]
[Result "1-0"]
[WhiteElo "2983"]
[BlackElo "2608"]
[TimeControl "180+1"]
[EndTime "14:17:25 PDT"]
[Termination "LastGladiator1 won by resignation"]

1. e4 e6 2. d4 d5 3. e5 c5 4. c3 Qb6 5. Nf3 Bd7 6. a4 cxd4 7. a5 Qc7 8. cxd4 Nc6 9. Bd2 Nh6 10. Bc3 Rc8 11. Be2 Be7 12. O-O O-O 13. Qd2 Nf5 14. Na3 a6 15. Nc2 Na7 16. Rfc1 Bb5 17. Bd1 Nc6 18. Na3 Na7 19. Bc2 Bd7 20. Bd3 Bb5 21. Bc2 Bd7 22. Qf4 Bxa3 23. Bxf5 exf5 24. bxa3 Rfe8 25. h4 Qd8 26. h5 Rc4 27.
h6 g6 28. Bb4 Nc6 29. Bc5 Qxa5 30. Rxc4 dxc4 31. Qg5 Qd8 32. Qf4 b6 33. Bd6 Be6 34. Ng5 b5 35. Nxe6 Rxe6 36. d5 Rxd6 37. exd6 Qf6 38.
Re1 1-0

[Event "Late-Titled-Tuesday-Blitz-June-25-2024"]
[Site "Chess.com"]
[Date "2024.06.25"]
[Round "2"]
[White "artin10862"]
[Black "pooh2012"]
[Result "1-0"]
[WhiteElo "2904"]
[BlackElo "2601"]
[TimeControl "180+1"]
[EndTime "14:17:25 PDT"]
[Termination "artin10862 won on time"]

1. e4 c6 2. d4 d5 3. exd5 cxd5 4.
Bd3 Nc6 5. c3 Qc7 6. Ne2 Bg4 7.
h3 Bh5 8. Qb3 e6 9. Nf4 Bg6 10.
Nxg6 hxg6 11. Nd2 Bd6 12. Nf3 Nge7 13. O-O O-O 14. Re1 Rab8 15. a4 a6 16. Qd1 b5 17.
Qe2 Qb6 18. h4 Na5 19. Bg5 Nc4 20. b4 a5 21. Bxc4 dxc4 22. bxa5 Qxa5 23. axb5 Qxc3 24. Rec1 Qd3 25. Qxd3 cxd3 26. Ra6 Bb4 27. Ne5 Rxb5 28. Nxd3 Nf5 29. Rc4 Be7 30. g3 Bxg5 31. hxg5 Rd5 32.
Raa4 Rfd8 33. Ne5 Rxd4 34. Rxd4 Nxd4 35. Ra7 Rd5 36. Ra8+ Kh7 37. Nxf7 Nf3+ 38. Kg2 Ne1+ 39. Kf1 1-0

[Event "Late-Titled-Tuesday-Blitz-June-25-2024"]
[Site "Chess.com"]
[Date "2024.06.25"]
[Round "2"]
[White "komogro"]
[Black "glucolisis04"]
[Result "1-0"]
[WhiteElo "2518"]
[BlackElo "2300"]
[TimeControl "180+1"]
[EndTime "14:17:25 PDT"]
[Termination "komogro won by resignation"]

1. g3 d5 2. Bg2 Nf6 3. c4 c6 4. Nf3 e6 5. d4 Bb4+ 6. Bd2 Be7 7. O-O O-O 8. Nc3 b6 9. Qb3 Ba6 10. cxd5 exd5 11. Bf4 Nbd7 12. Ne5 Nxe5 13. dxe5 Nd7 14. h4 Nc5 15. Qc2 Ne6 16. Bc1 Qc7 17. f4 Bc5+ 18.
Kh2 Nd4 19. Qd1 Nf5 20. Qa4 Bb7 21. e4 Nxh4 22. gxh4 Qe7 23. Kg3 Rad8 24. Bd2 Qe6 25. Bh3 Qg6+ 26. Kh2 dxe4 27. Nxe4 Qh5 28. Qc2 Qe2+ 29.
Bg2 Be3 30. Rae1 Qg4 31. Rxe3 Qxh4+ 32. Rh3 Qg4 33. Ng5 g6 34. Nxh7 Kg7 35. Bc3 c5 36.
e6+ f6 37. Bxb7 Rd2+ 38. Qxd2 1-0

[Event "Late-Titled-Tuesday-Blitz-June-25-2024"]
[Site "Chess.com"]
[Date "2024.06.25"]
[Round "2"]
[White "Cheer_Down"]
[Black "FMalexhdez"]
[Result "0-1"]
[WhiteElo "2497"]
[BlackElo "2304"]
[TimeControl "180+1"]
[EndTime "14:17:26 PDT"]
[Termination "FMalexhdez won on time"]

1. e4 c5 2. Nf3 d6 3. Bb5+ Bd7 4.
Bxd7+ Qxd7 5. c4 Nc6 6. Nc3 Nf6 7. d4 cxd4 8. Nxd4 g6 9. f3 Bg7 10. Be3 O-O 11. O-O Rac8 12. b3 Ne8 13. Rc1 a6 14. Nd5 Qd8 15. Qd2 e6 16. Nc3 Nf6 17. Rfd1 Qe7 18. Nxc6 Rxc6 19. Bf4 Rd8 20. e5 Nh5 21.
exd6 Qd7 22. Ne4 f5 23. Bg5 fxe4 24. Bxd8 Qxd8 25. c5 exf3 26. gxf3 Qd7 27. b4 e5 28.
Qd5+ Kf8 29. a4 Nf4 30. Qd2 Bh6 31. Qb2 Qf5 32. d7 Bg5 33. d8=Q+ Bxd8 34. Rxd8+ Ke7 35. Rd2 Qg5+ 36. Kh1 Nh3 37. Re1 Re6 38. Rde2 Qf5 39. Qc3 Nf4 0-1

[Event "Late-Titled-Tuesday-Blitz-June-25-2024"]
[Site "Chess.com"]
[Date "2024.06.25"]
[Round "2"]
[White "Oleksandr_Bortnyk"]
[Black "Zura_19"]
[Result "1-0"]
[WhiteElo "3067"]
[BlackElo "2626"]
[TimeControl "180+1"]
[EndTime "14:17:27 PDT"]
[Termination "Oleksandr_Bortnyk won by resignation"]

1. d4 Nf6 2. Nc3 d5 3. Bf4 g6 4. e3 Bg7 5. h4 c5 6. Nb5 Na6 7.
c3 Bf5 8. Nf3 O-O 9. Ne5 Nd7 10.
h5 Nxe5 11. dxe5 Qd7 12. Be2 Rad8 13. hxg6 fxg6 14. a4 Qe6 15. g4 Be4 16. f3 Bxe5 17. fxe4 Bxf4 18. exf4 Rxf4 19. Qd2 Rxe4 20. Rh2 Qe5 21.
Qh6 Qg7 22. Qxg7+ Kxg7 23. Kd2 e6 24. Rah1 Rh8 25. b3 Rf4 26. Nd6 Nb8 27. Nxb7 Nd7 28. Bb5 Ne5 29. Kc2 Nxg4 30. Re2 e5 31. Nxc5 Rf2 32.
Nd7 e4 33. a5 h5 34. Nc5 h4 35.
Ne6+ Kf6 36. Nd4 Ke5 37. Bd7 Rxe2+ 38. Nxe2 Ne3+ 39. Kd2 Nf5 40. Bxf5 gxf5 41. Ke3 h3 42. Nf4 h2 43. Ng6+ Kf6 44. Nxh8 1-0

[Event "Late-Titled-Tuesday-Blitz-June-25-2024"]
[Site "Chess.com"]
[Date "2024.06.25"]
[Round "2"]
[White "Fandorine"]
[Black "Mikayel99"]
[Result "1-0"]
[WhiteElo "2913"]
[BlackElo "2602"]
[TimeControl "180+1"]
[EndTime "14:17:28 PDT"]
[Termination "Fandorine won by resignation"]

1. d4 d5 2. c4 e6 3. Nf3 Nf6 4. g3 dxc4 5. Bg2 c5 6. O-O Nc6 7. dxc5 Qxd1 8. Rxd1 Bxc5 9. Nbd2 c3 10. bxc3 O-O 11. Nb3 Be7 12. Nfd4 Nxd4 13. cxd4 Nd5 14. Na5 Bb4 15. Bd2 Nc3 16. Kf1 Bxa5 17. Rdc1 Nxe2 18.
Kxe2 Bxd2 19. Kxd2 Rd8 20. Ke3 Rb8 21. Rc7 Rd7 22.
Rac1 Rxc7 23. Rxc7 Kf8 24. Kf4 Ke8 25. Ke5 Bd7 26. Kd6 Rd8 27. Bxb7 Bc8+ 28. Kc5 Bxb7 29. Rxb7 Rd5+ 30. Kc4 Ra5 31. Kb3 Ra6 32. a3 Rb6+ 33. Rxb6 axb6 34. Kb4 Kd7 35. Kb5 Kc7 36. Ka6 Kc6 37. a4 f6 38. g4 Kc7 39. f4 Kc6 40.
h4 h5 41. gxh5 Kc7 42. Ka7 Kc6 43. Kb8 b5 44. a5 b4 45. a6 b3 46. a7 b2 47.
a8=Q+ Kd6 48. Qb7 1-0

[Event "Late-Titled-Tuesday-Blitz-June-25-2024"]
[Site "Chess.com"]
[Date "2024.06.25"]
[Round "2"]
[White "ahachess"]
[Black "bazar-wokzal"]
[Result "0-1"]
[WhiteElo "2294"]
[BlackElo "2600"]
[TimeControl "180+1"]
[EndTime "14:17:28 PDT"]
[Termination "bazar-wokzal won on time"]

1. e4 Nc6 2. Nf3 d5 3. exd5 Qxd5 4. Nc3 Qa5 5. Bc4 Bg4 6. h3 Bh5 7. g4 Bg6 8. d4 O-O-O 9. Be3 e5 10. d5 Nf6 11.
O-O e4 12. Nh4 Ne5 13. Bb3 Bb4 14. Qd4 Rhe8 15. Rad1 c5 16. dxc6 Rxd4 17. cxb7+ Kxb7 18. Rxd4 Rd8 19. Rfd1 Rxd4 20. Rxd4 Bxc3 21. bxc3 Qxc3 22. Kg2 Nf3 23. Nxf3 exf3+ 24. Kxf3 Bxc2 25. Rc4 Be4+ 26. Rxe4 Nxe4 27. Kxe4 f6 28. h4 a5 29. Bg8 a4 30. h5 g6 31. hxg6 hxg6 32. Bd5+ Ka6 33. Kf3 Qc2 34. Bf7 Kb5 35. Kg2 Kb4 36. Kg3 Ka3 37.
Kg2 Qe4+ 38. Kg1 Kb2 0-1

[Event "Late-Titled-Tuesday-Blitz-June-25-2024"]
[Site "Chess.com"]
[Date "2024.06.25"]
[Round "2"]
[White "PhileKhoob"]
[Black "chegueps"]
[Result "1-0"]
[WhiteElo "2362"]
[BlackElo "2666"]
[TimeControl "180+1"]
[EndTime "14:17:29 PDT"]
[Termination "PhileKhoob won on time"]

1. Nf3 Nf6 2. g3 c6 3. Bg2 d5 4. O-O g6 5. c4 Bg7 6. d4 O-O 7. a4 Ne4 8. Nc3 Nxc3 9. bxc3 dxc4 10. a5 Nd7 11. Nd2 e5 12. Nxc4 exd4 13. cxd4 Nf6 14. Bb2 Be6 15. Ne5 Bd5 16. f3 Re8 17. e4 Be6 18. Nd3 Nd7 19. Rf2 Qc7 20. Rd2 Rad8 21.
Qc2 Nb8 22. Nc5 Bc8 23. Rad1 b6 24. Nb3 Bh6 25. f4 Ba6 26. d5 Qe7 27. Qc3 f6 28.
Qxf6 Bg7 29. Qxe7 Rxe7 30. Bxg7 Kxg7 31. dxc6 Rxd2 32. Rxd2 Nxc6 33. axb6 axb6 34. e5 Nb4 35. Rb2 Nd3 36. Ra2 Bc4 37. Ra3 b5 38. Nd2 b4 39.
Ra1 Bb5 40. Bf1 Rc7 41. Rb1 Rc2 42. Ne4 1-0

[Event "Late-Titled-Tuesday-Blitz-June-25-2024"]
[Site "Chess.com"]
[Date "2024.06.25"]
[Round "2"]
[White "dropstoneDP"]
[Black "Cxrjs"]
[Result "1/2-1/2"]
[WhiteElo "3016"]
[BlackElo "2527"]
[TimeControl "180+1"]
[EndTime "14:17:30 PDT"]
[Termination "Game drawn - insufficient material"]

1. e4 e5 2. Nf3 Nc6 3. d4 exd4 4. Nxd4 Qf6 5. Be3 Bc5 6. c3 Nge7 7. Bb5 b6 8. O-O Bb7 9. Nxc6 Bxc6 10. Bxc6 Qxc6 11. Bxc5 Qxc5 12. Qd4 Qxd4 13. cxd4 d5 14. e5 c5 15. Rd1 O-O 16. Nc3 c4 17. f4 b5 18.
Nxb5 Rab8 19. Nc3 Rxb2 20. Rab1 Rfb8 21. Rxb2 Rxb2 22. Rb1 Rxb1+ 23. Nxb1 Nf5 24. Nc3 Nxd4 25. Nxd5 f6 26. exf6 gxf6 27. Nxf6+ Kf7 28. Ne4 Ne2+ 29. Kf2 Nxf4 30. Nd6+ Ke6 31. Nxc4 Kd5 32. Ne3+ Ke4 33. Ng4 h5 34. Nf6+ Ke5 35. Kf3 Nxg2 36. Nxh5 Ne1+ 37.
Kg4 Nd3 38. Kg5 Nb4 39. a4 a5 40. Nf4 Nc6 41. h4 Nd4 42. h5 Nf3+ 43. Kg4 Ke4 44. h6 Ne5+ 45. Kg5 Nf7+ 46. Kf6 Nxh6 47.
Ne6 Kd5 48. Nd8 Kc5 49. Nb7+ Kb4 50. Nxa5 Kxa5 51. Kg6 Kxa4 1/2-1/2

[Event "Late-Titled-Tuesday-Blitz-June-25-2024"]
[Site "Chess.com"]
[Date "2024.06.25"]
[Round "2"]
[White "ACollins05"]
[Black "DryCounty"]
[Result "1-0"]
[WhiteElo "2421"]
[BlackElo "2652"]
[TimeControl "180+1"]
[EndTime "14:17:30 PDT"]
[Termination "ACollins05 won by resignation"]

1. d4 Nf6 2. c4 g6 3. Nc3 Bg7 4. e4 d6 5. h3 O-O 6. Bg5 a6 7. Nf3 c5 8. d5 b5 9. cxb5 axb5 10.
Bxb5 Nxe4 11. Nxe4 Qa5+ 12. Kf1 Qxb5+ 13. Kg1 Re8 14. a4 Qxb2 15. Rb1 Qa2 16. Qe1 Bf5 17.
Nxd6 Qxb1 18. Qxb1 Bxb1 19. Nxe8 f6 20. Nxg7 Kxg7 21.
Be3 Nd7 22. Kh2 Be4 23. Rc1 Bxf3 24. gxf3 Ra5 25. Rc4 Kf7 26. f4 f5 27. Bd2 Ra6 28. a5 Rd6 29. Be3 Rxd5 30. a6 Rd6 31. Ra4 Nb6 32. a7 Na8 33. Bxc5 Rc6 34. Be3 Ke6 35. Rb4 Kd7 36. Rb8 Rc8 37. Rb7+ Rc7 38.
Rb5 Rc6 39. Kg3 Rc4 40. Kf3 Rc3 41. Ke2 Rc8 42. h4 Kc6 43. Re5 Rc7 44. h5 Kb7 45. hxg6 hxg6 46. Re6 Rc6 47. Rxe7+ Nc7 48. Bd4 Ka8 49.
Be5 Nb5 50. Bb8 Re6+ 51. Rxe6 Nd4+ 52. Kd3 Nxe6 53. Kc4 g5 54. Kd5 Nxf4+ 55. Bxf4 gxf4 56.
Ke5 Kxa7 57. Kxf4 Kb6 58. Kxf5 Kc6 59. Kg6 1-0

[Event "Late-Titled-Tuesday-Blitz-June-25-2024"]
[Site "Chess.com"]
[Date "2024.06.25"]
[Round "2"]
[White "AryanTari"]
[Black "ukchessbomber"]
[Result "1-0"]
[WhiteElo "3017"]
[BlackElo "2618"]
[TimeControl "180+1"]
[EndTime "14:17:31 PDT"]
[Termination "AryanTari won by resignation"]

1. e4 b6 2. d4 Bb7 3. Nc3 d6 4. f4 Nd7 5. Nf3 g6 6. Bd3 Bg7 7. e5 e6 8. h4 a6 9. h5 c5 10.
Ng5 cxd4 11. hxg6 hxg6 12. Rxh8 Bxh8 13. Nce4 Bxe4 14. Bxe4 Rc8 15. Qg4 dxe5 16. Bxg6 fxg6 17. Qxe6+ Qe7 18. Qxg6+ Kd8 19. Ne6+ Qxe6 20. Qxe6 Ne7 21. fxe5 Rc6 22. Qf7 Bxe5 23. Bg5 Bf6 24. Bxf6 Rxf6 25.
Qg7 Re6+ 26. Kd2 Ne5 27. b3 N7c6 28. Rf1 Nd7 29. Rf7 Rd6 30. Qg5+ Kc8 31. Qf5 Nd8 32.
Re7 Nc6 33. Re8+ Kc7 34. Qf4 Nc5 35. g4 Nb4 36. Re7+ Kc6 37. Qf3+ Nd5 38. b4 Na4 39. g5 Kb5 40. Re5 Nc3 41. g6 Kxb4 42. g7 Rg6 43. Rxd5 Nxd5 44. Qxd5 Rxg7 45. Qxd4+ 1-0

[Event "Late-Titled-Tuesday-Blitz-June-25-2024"]
[Site "Chess.com"]
[Date "2024.06.25"]
[Round "2"]
[White "sergeikim"]
[Black "rasmussvane"]
[Result "0-1"]
[WhiteElo "2608"]
[BlackElo "2978"]
[TimeControl "180+1"]
[EndTime "14:17:31 PDT"]
[Termination "rasmussvane won by resignation"]

1. d4 d5 2. c4 e6 3. Nc3 h6 4.
Nf3 Nf6 5. Bf4 Bd6 6. Bg3 O-O 7.
e3 b6 8. cxd5 Nxd5 9. Nxd5 exd5 10. Bd3 Be6 11. O-O c5 12. Ne5 c4 13. Bc2 Bxe5 14. dxe5 Nc6 15. f4 f5 16. Bf2 Qe7 17.
a3 Rfd8 18. Qf3 Rac8 19. Rad1 b5 20. h3 Qf7 21. g4 fxg4 22. hxg4 Nxe5 23. Qg3 Nxg4 24.
f5 Bxf5 25. Be1 g6 26. Bc3 Qe6 27. Bxf5 gxf5 28. Bd4 Kh7 29. Qf3 Rg8 30. Kh1 Rg5 31.
Rd2 Rcg8 32. Rg2 Qe4 33. Qxe4 dxe4 34. Bxa7 Ne5 35. Rxg5 Rxg5 36. Bd4 Nf3 37. Bc3 Kg6 38. Ba5 Kh5 39. Bc7 Kg4 40. Rf2 Kh3 41. Rf1 Rg2 42.
Bf4 h5 43. Rb1 h4 44. Bh6 Re2 45. Bf4 Kg4 46. Bh6 h3 47. Bf4 h2 48. Bh6 Kh3 49. Bf4 Rg2 50. Bh6 Rg1+ 0-1

[Event "Late-Titled-Tuesday-Blitz-June-25-2024"]
[Site "Chess.com"]
[Date "2024.06.25"]
[Round "2"]
[White "PapaieDudu"]
[Black "anthonydrayton"]
[Result "1-0"]
[WhiteElo "2462"]
[BlackElo "2100"]
[TimeControl "180+1"]
[EndTime "14:17:33 PDT"]
[Termination "PapaieDudu won on time"]

1. d4 d5 2. c4 Nf6 3. Nc3 c6 4. Nf3 g6 5. Bf4 Bg7 6. e3 O-O 7. Bd3 Nbd7 8. O-O dxc4 9. Bxc4 b5 10. Bb3 a6 11. Qe2 c5 12. dxc5 Nxc5 13. Rfd1 Qb6 14. Bd5 Bb7 15. Bxb7 Qxb7 16. Be5 Rfd8 17. Bd4 Ne6 18.
Be5 Ne4 19. Bxg7 Kxg7 20. a4 Nxc3 21. bxc3 Rac8 22. axb5 axb5 23. Nd4 Nxd4 24. cxd4 b4 25. Qa6 Qe4 26. Rdb1 Ra8 27. Qc4 Rxa1 28. Rxa1 Rb8 29.
Qb3 Qc6 30. Rb1 Qb5 31. h3 h5 32. d5 f6 33. e4 Qc5 34. g3 h4 35. gxh4 Qd4 36. Qe3 Qc4 37. h5 b3 38. Qg3 Qxe4 39. Rxb3 Rxb3 40. Qxb3 gxh5 41. Qb7 Qg6+ 42. Kh2 Qf7 43. Qd7 Qf8 44. d6 Kf7 45. Qc7 Ke6 46. d7 Qh6 47. d8=N+ Kf5 48. Qc2+ 1-0

[Event "Late-Titled-Tuesday-Blitz-June-25-2024"]
[Site "Chess.com"]
[Date "2024.06.25"]
[Round "2"]
[White "Arystanner"]
[Black "Pedrada88"]
[Result "0-1"]
[WhiteElo "2806"]
[BlackElo "2575"]
[TimeControl "180+1"]
[EndTime "14:17:34 PDT"]
[Termination "Pedrada88 won by resignation"]

1. e4 c5 2. Nf3 Nc6 3. Bb5 Qb6 4. Nc3 e6 5. O-O Nge7 6. Re1 a6 7. Bf1 Ng6 8. b3 Be7 9. Bb2 O-O 10. a4 d6 11. g3 Bd7 12. Bg2 Rad8 13. h4 h6 14. h5 Nge5 15. Nxe5 dxe5 16. d3 Nd4 17. Ne2 f5 18.
Nxd4 exd4 19. exf5 Rxf5 20. Be4 Rf6 21. Qe2 Bc6 22.
Bc1 Rdf8 23. Rf1 Qc7 24. Bd2 Bd6 25. f4 Bxe4 26. Qxe4 Qf7 27. Qe2 g6 28. Kg2 gxh5 29. Rh1 Rf5 30. Raf1 Qg6 31. Rh4 e5 32. Qe4 exf4 33.
Bxf4 Kh7 34. Qxb7+ R8f7 35. Qc6 Bxf4 36. Qxg6+ Kxg6 37. Rhxf4 Rxf4 38. gxf4 Kf5 39. Kf3 Re7 40. Rh1 Re3+ 41. Kf2 Kg4 42. Rg1+ Kxf4 43. Rg6 Rh3 44. Rxa6 Rh2+ 45. Kg1 Rxc2 46. Rxh6 Ke3 47. Rxh5 Kxd3 48. a5 c4 49. Rh3+ Ke4 50. bxc4 d3 51. Rh4+ Ke3 52.
Rh3+ Kd4 53. Rh7 d2 54. Rd7+ Kc3 55. a6 Rc1+ 56. Kf2 d1=Q 57. Rxd1 Rxd1 58. c5 Ra1 0-1

[Event "Late-Titled-Tuesday-Blitz-June-25-2024"]
[Site "Chess.com"]
[Date "2024.06.25"]
[Round "2"]
[White "UB_TheQueen"]
[Black "mostafa_sakha"]
[Result "0-1"]
[WhiteElo "2038"]
[BlackElo "2447"]
[TimeControl "180+1"]
[EndTime "14:17:35 PDT"]
[Termination "mostafa_sakha won by resignation"]

1. e4 e5 2. Nf3 Nc6 3. Bc4 Nf6 4. Ng5 d5 5. exd5 Na5 6. Bb5+ c6 7. dxc6 bxc6 8. Qf3 Be7 9. Bd3 h6 10. Ne4 Nd5 11.
Ng3 g6 12. O-O h5 13. Re1 Qd6 14. Nc3 f5 15. Nxd5 cxd5 16. Bb5+ Bd7 17. Bxd7+ Kxd7 18. Qe2 h4 19. Nh1 Nc6 20. d3 e4 21.
dxe4 fxe4 22. Qg4+ Qe6 23. Qxe6+ Kxe6 24. f3 Nd4 25. Rb1 Nxc2 26. Re2 Nd4 27. Rd2 Bc5 28. Kf1 e3 29. Rd3 Nf5 30. b4 Bb6 31. a4 d4 32.
a5 Bc7 33. Bb2 Rad8 34. Re1 Bxh2 35. Nf2 Bg3 36. Ng4 Bxe1 37. Kxe1 h3 38. gxh3 Rxh3 39. Ke2 Kd5 40. b5 Rdh8 41. Nxe3+ Nxe3 42. Rxd4+ Kc5 43. Kxe3 Re8+ 44. Kd3 Rxf3+ 45. Kd2 Rf2+ 46. Kc1 Re1+ 47. Rd1 Rxd1+ 48. Kxd1 Rxb2 49. b6 axb6 50. axb6 Rxb6 0-1

[Event "Late-Titled-Tuesday-Blitz-June-25-2024"]
[Site "Chess.com"]
[Date "2024.06.25"]
[Round "2"]
[White "OppieZippy"]
[Black "anasta10"]
[Result "0-1"]
[WhiteElo "2351"]
[BlackElo "2626"]
[TimeControl "180+1"]
[EndTime "14:17:36 PDT"]
[Termination "anasta10 won by resignation"]

1. d4 Nf6 2. c4 g6 3. Nf3 Bg7 4. Nc3 c5 5. dxc5 O-O 6. e3 Na6 7. Be2 Nxc5 8. O-O d6 9. Nd4 a6 10.
Bf3 Qc7 11. b3 e5 12. Nc2 Be6 13. Bb2 Rac8 14. Nb4 e4 15. Be2 Rfd8 16. Qd2 a5 17.
Nbd5 Bxd5 18. Nxd5 Nxd5 19. Bxg7 Nxe3 20. Bf6 Nxf1 21.
Rxf1 Nd7 22. Bb2 Ne5 23. Qf4 f5 24. Rd1 Qe7 25. h4 Re8 26. Rd5 Rc5 27. Rd1 b6 28.
Ba3 Rc6 29. Rd5 Qe6 30. g3 Kg7 31. Qe3 h6 32. Qd4 Kf7 33. Bb2 Re7 34. Ba3 Rd7 35. Qe3 Rc5 36. Bxc5 bxc5 37. Qxh6 Qf6 38. Qf4 Nc6 39.
h5 Nd4 40. hxg6+ Kxg6 41. Bd1 Kf7 42. Bh5+ Ke6 43. g4 Ne2+ 44. Kf1 Nxf4 45. gxf5+ Ke7 0-1

[Event "Late-Titled-Tuesday-Blitz-June-25-2024"]
[Site "Chess.com"]
[Date "2024.06.25"]
[Round "2"]
[White "Kaustubh_Kodihalli"]
[Black "MikeSailer"]
[Result "1-0"]
[WhiteElo "2446"]
[BlackElo "2036"]
[TimeControl "180+1"]
[EndTime "14:17:37 PDT"]
[Termination "Kaustubh_Kodihalli won on time"]

1. e4 d5 2. exd5 Qxd5 3. d4 Nc6 4. c3 Nf6 5. Nf3 Bg4 6. Be2 O-O-O 7. h3 Bf5 8. Qb3 Qxb3 9. axb3 e6 10. O-O h6 11.
Bf4 g5 12. Bh2 Bd6 13. Bxd6 cxd6 14. b4 Kb8 15. Nbd2 Rdg8 16. b5 Ne7 17. Nc4 Nc8 18. Ra3 h5 19. h4 gxh4 20. Nxh4 Be4 21. g3 b6 22. Ne3 Bb7 23. c4 Ng4 24. Rc1 Nxe3 25.
Rxe3 Rg5 26. Kh2 Kc7 27. Bf3 Bxf3 28. Rxf3 Kd7 29. Rxf7+ Ne7 30. Rf3 Rg4 31. Rd3 Nf5 32. Nxf5 exf5 33. f3 Rg6 34. Rg1 h4 35. g4 fxg4 36.
Rxg4 Re6 37. Kh3 Re2 38. Rg2 Re1 39. Rg7+ Ke6 40. f4 Re2 41. d5+ Kf5 42. Rd4 1-0

[Event "Late-Titled-Tuesday-Blitz-June-25-2024"]
[Site "Chess.com"]
[Date "2024.06.25"]
[Round "2"]
[White "Quattroporte300"]
[Black "Juliana_Figueira"]
[Result "1-0"]
[WhiteElo "2430"]
[BlackElo "1928"]
[TimeControl "180+1"]
[EndTime "14:17:38 PDT"]
[Termination "Quattroporte300 won on time"]

1. e4 c5 2. Nc3 d6 3. d4 cxd4 4.
Qxd4 Nc6 5. Qd2 Nf6 6. b3 a6 7. Bb2 e6 8. O-O-O Be7 9. f3 O-O 10. g4 Nxg4 11. Kb1 Bg5 12. f4 Bh6 13. h3 Nf6 14.
Nge2 e5 15. Qxd6 Qxd6 16. Rxd6 exf4 17. Rg1 Kh8 18. Nd5 f3 19. Rxf6 fxe2 20. Bxe2 Bd2 21. Rf3 f6 22. Rfg3 Bh6 23. Rf1 Bd7 24. Nxf6 Rad8 25.
Nxd7 Rxf1+ 26. Bxf1 Rxd7 27. Bd3 Ne5 28. a4 Nxd3 29.
cxd3 Bf4 30. Rf3 Bd6 31. d4 Kg8 32. d5 Be7 33. Rd3 Bf6 34. e5 Bg5 35. e6 Rd6 36.
Ba3 Kf8 37. Bxd6+ Ke8 38. Be5 Ke7 39. Bxg7 Bf4 40. Bd4 Bd6 41. Rf3 Kd8 42. Rf7 Be7 43. Rxh7 Bd6 44. Rf7 Be7 45. Bf6 Bxf6 46. Rxf6 b5 47.
d6 1-0